ITL
AMARILLO ARCHDUKES @ BLUEVILLE 83'S
09/17/2025
 
TOP OF THE 1ST
Amarillo Archdukes batting - Pitching for Blueville 83's : LHP Lorenzo Sánchez
Pitching: LHP Lorenzo Sánchez
Batting: LHB Michael Cook 0-0: Bunt - Flyout! F2
Batting: LHB Howard Lambert 0-0: Ball
1-0: Fly out, F5 (Popup, 25F)
Batting: RHB Dave Parker 0-0: Ball
1-0: Ball
2-0: Ball
3-0: Called Strike
3-1: Fly out, F8 (Flyball, 8RS)
Top of the 1st over - 0 run(s), 0 hit(s), 0 error(s), 0 left on base; Amarillo 0 - Blueville 0
BOTTOM OF THE 1ST
Blueville 83's batting - Pitching for Amarillo Archdukes : RHP José Abacil
Pitching: RHP José Abacil
Batting: RHB Bryce Hester 0-0: Fly out, F3 (Popup, 3SF)
Batting: RHB Gernot Renner 0-0: Foul Ball, location: 2F
0-1: SINGLE (Line Drive, 5D)
Batting: LHB Júlio Velásquez 0-0: SINGLE (Line Drive, 56D)
Gernot Renner to second
Batting: RHB José Baca 0-0: Swinging Strike
0-1: Swinging Strike
0-2: Strikes out looking
Batting: RHB Matt Perkins 0-0: Called Strike
0-1: Ball
1-1: Fielders Choice at 2nd, 6-4 (Groundball, 6S)
Bottom of the 1st over - 0 run(s), 2 hit(s), 0 error(s), 1 left on base; Amarillo 0 - Blueville 0
TOP OF THE 2ND
Amarillo Archdukes batting - Pitching for Blueville 83's : LHP Lorenzo Sánchez
Batting: RHB Jorge Espinosa 0-0: Ball
1-0: Ball
2-0: Ball
3-0: Called Strike
3-1: DOUBLE (Groundball, 5L)
Batting: LHB Chris Pryor 0-0: Ball
1-0: Called Strike
1-1: Swinging Strike
1-2: Ball
2-2: Ground out 6-3 (Groundball, 6)
Jorge Espinosa to third
Batting: RHB Miguel Hernández 0-0: Ball
1-0: Foul Ball, location: 2F
1-1: Called Strike
1-2: Ball
2-2: Foul Ball, location: 2F
2-2: Foul Ball, location: 2F
2-2: Strikes out swinging
Batting: RHB Dong-kwan Han 0-0: Ball
1-0: Fly out, F9 (Flyball, 89M)
Top of the 2nd over - 0 run(s), 1 hit(s), 0 error(s), 1 left on base; Amarillo 0 - Blueville 0
BOTTOM OF THE 2ND
Blueville 83's batting - Pitching for Amarillo Archdukes : RHP José Abacil
Batting: RHB Naomichi Aoki 0-0: Swinging Strike
0-1: Ground out 5-3 (Groundball, 5)
Batting: LHB Robbie McLaughlin 0-0: Ball
1-0: Ball
2-0: Foul Ball, location: 2F
2-1: Ball
3-1: Ground out 1-3 (Groundball, 13)
Batting: SHB Luis Muńóz 0-0: Ball
1-0: Ball
2-0: Ball
3-0: Called Strike
3-1: Base on Balls
Batting: RHB Tim Hanson 0-0: Ball
1-0: Ground out 1-3 (Groundball, 13S)
Bottom of the 2nd over - 0 run(s), 0 hit(s), 0 error(s), 1 left on base; Amarillo 0 - Blueville 0
TOP OF THE 3RD
Amarillo Archdukes batting - Pitching for Blueville 83's : LHP Lorenzo Sánchez
Batting: RHB Ed Terry 0-0: SINGLE (Flyball, 8LS)
Batting: RHB Nobuharu Hoshino 0-0: Ball
1-0: Ball
2-0: Ball
3-0: Foul Ball, location: 2F
3-1: Called Strike
3-2: Strikes out swinging
Batting: LHB Michael Cook 0-0: Ball
1-0: Ball
2-0: Ball
3-0: Called Strike
3-1: 2-RUN HOME RUN (Line Drive, 9LD), Distance : 346 ft
Batting: LHB Howard Lambert 0-0: Ball
1-0: Ball
2-0: Swinging Strike
2-1: Ground out U3 (Groundball, 3L)
Batting: RHB Dave Parker 0-0: Foul Ball, location: 2F
0-1: Ball
1-1: Ground out 4-3 (Groundball, 4)
Top of the 3rd over - 2 run(s), 2 hit(s), 0 error(s), 0 left on base; Amarillo 2 - Blueville 0
BOTTOM OF THE 3RD
Blueville 83's batting - Pitching for Amarillo Archdukes : RHP José Abacil
Batting: RHB Bryce Hester 0-0: Called Strike
0-1: Ball
1-1: Foul Ball, location: 2F
1-2: Fly out, F9 (Flyball, 89M)
Batting: RHB Gernot Renner 0-0: Ball
1-0: Ball
2-0: Ball
3-0: Base on Balls
Batting: LHB Júlio Velásquez 0-0: Fielders Choice at 2nd, 4-6 (Groundball, 34)
Batting: RHB José Baca 0-0: Called Strike
0-1: Ground out 6-3 (Groundball, 6)
Bottom of the 3rd over - 0 run(s), 0 hit(s), 0 error(s), 1 left on base; Amarillo 2 - Blueville 0
TOP OF THE 4TH
Amarillo Archdukes batting - Pitching for Blueville 83's : LHP Lorenzo Sánchez
Batting: RHB Jorge Espinosa 0-0: Ball
1-0: Ground out U3 (Groundball, 3S)
Batting: LHB Chris Pryor 0-0: Called Strike
0-1: Ball
1-1: Swinging Strike
1-2: Foul Ball, location: 2F
1-2: Strikes out swinging
Batting: RHB Miguel Hernández 0-0: Swinging Strike
0-1: Foul Ball, location: 2F
0-2: Foul Ball, location: 2F
0-2: Strikes out swinging
Top of the 4th over - 0 run(s), 0 hit(s), 0 error(s), 0 left on base; Amarillo 2 - Blueville 0
BOTTOM OF THE 4TH
Blueville 83's batting - Pitching for Amarillo Archdukes : RHP José Abacil
Batting: RHB Matt Perkins 0-0: Ball
1-0: Foul Ball, location: 2F
1-1: Foul Ball, location: 2F
1-2: Strikes out looking
Batting: RHB Naomichi Aoki 0-0: Ball
1-0: Called Strike
1-1: Called Strike
1-2: Fly out, F5 (Popup, 56)
Batting: LHB Robbie McLaughlin 0-0: Called Strike
0-1: Foul Ball, location: 2F
0-2: Ball
1-2: Foul Ball, location: 2F
1-2: Foul Ball, location: 2F
1-2: Ball
2-2: Foul Ball, location: 2F
2-2: Foul Ball, location: 2F
2-2: Foul Ball, location: 2F
2-2: Ball
3-2: Base on Balls
Batting: SHB Luis Muńóz 0-0: Ball
1-0: Ground out 4-3 (Groundball, 4)
Bottom of the 4th over - 0 run(s), 0 hit(s), 0 error(s), 1 left on base; Amarillo 2 - Blueville 0
TOP OF THE 5TH
Amarillo Archdukes batting - Pitching for Blueville 83's : LHP Lorenzo Sánchez
Batting: RHB Dong-kwan Han 0-0: Ball
1-0: Foul Ball, location: 2F
1-1: Called Strike
1-2: Fly out, F3 (Popup, 23F)
Batting: RHB Ed Terry 0-0: Ball
1-0: Called Strike
1-1: Ball
2-1: Foul Ball, location: 2F
2-2: Strikes out swinging
Batting: RHB Nobuharu Hoshino 0-0: Called Strike
0-1: Ball
1-1: DOUBLE (Flyball, 7D)
Batting: LHB Michael Cook 0-0: Ball
1-0: Fly out, F8 (Line Drive, 8RM)
Top of the 5th over - 0 run(s), 1 hit(s), 0 error(s), 1 left on base; Amarillo 2 - Blueville 0
BOTTOM OF THE 5TH
Blueville 83's batting - Pitching for Amarillo Archdukes : RHP José Abacil
Batting: RHB Tim Hanson 0-0: Ball
1-0: Ball
2-0: Ball
3-0: Called Strike
3-1: Fly out, F7 (Flyball, 7D)
Batting: RHB Bryce Hester 0-0: Ground out 4-3 (Groundball, 4S)
Batting: RHB Gernot Renner 0-0: Ball
1-0: Called Strike
1-1: Swinging Strike
1-2: Strikes out looking
Bottom of the 5th over - 0 run(s), 0 hit(s), 0 error(s), 0 left on base; Amarillo 2 - Blueville 0
TOP OF THE 6TH
Amarillo Archdukes batting - Pitching for Blueville 83's : LHP Lorenzo Sánchez
Batting: LHB Howard Lambert 0-0: Ball
1-0: Ball
2-0: Called Strike
2-1: Called Strike
2-2: DOUBLE (Flyball, 7D)
Batting: RHB Dave Parker 0-0: Intentional Walk
Pitching: RHP Félix Rivera
Batting: RHB Jorge Espinosa 0-0: Ball
1-0: Grounds into double play, 5-4-3 (Groundball, 5)
Howard Lambert to third
Batting: LHB Chris Pryor 0-0: Ball
1-0: Called Strike
1-1: Foul Ball, location: 2F
1-2: Ball
2-2: DOUBLE (Line Drive, 89D)
Howard Lambert scores
Batting: RHB Miguel Hernández 0-0: Called Strike
0-1: Ball
1-1: Foul Ball, location: 2F
1-2: Ball
2-2: Ball
3-2: Foul Ball, location: 2F
3-2: Base on Balls
Batting: RHB Dong-kwan Han 0-0: Called Strike
0-1: Called Strike
0-2: SINGLE (Groundball, 56D)
Chris Pryor to third
Miguel Hernández to second
Runner from 3rd tries for Home, SAFE, no throw or cutoff
Batting: RHB Ed Terry 0-0: Foul Ball, location: 2F
0-1: Ball
Wild Pitch!
Miguel Hernández to third
Dong-kwan Han to second
1-1: Ground out 5-3 (Groundball, 56S)
Top of the 6th over - 2 run(s), 3 hit(s), 0 error(s), 2 left on base; Amarillo 4 - Blueville 0
BOTTOM OF THE 6TH
Blueville 83's batting - Pitching for Amarillo Archdukes : RHP José Abacil
Batting: LHB Júlio Velásquez 0-0: Called Strike
0-1: Foul Ball, location: 2F
0-2: Ball
1-2: Ball
2-2: Ground out 3-1 (Groundball, 34)
Batting: RHB José Baca 0-0: Reached on error, E2 (Groundball, 2L)
Batting: RHB Matt Perkins 0-0: Ball
1-0: Fielders Choice at 2nd, 1-6 (Groundball, 13)
Batting: RHB Naomichi Aoki 0-0: Foul Ball, location: 2F
0-1: Foul Ball, location: 2F
0-2: Ball
1-2: Strikes out swinging
Bottom of the 6th over - 0 run(s), 0 hit(s), 1 error(s), 1 left on base; Amarillo 4 - Blueville 0
TOP OF THE 7TH
Amarillo Archdukes batting - Pitching for Blueville 83's : RHP Félix Rivera
Batting: RHB Nobuharu Hoshino 0-0: Called Strike
0-1: Swinging Strike
0-2: Ball
1-2: Ball
2-2: Strikes out looking
Batting: LHB Michael Cook 0-0: Called Strike
0-1: Foul Ball, location: 2F
0-2: Ball
1-2: Ball
2-2: Strikes out swinging
Batting: LHB Howard Lambert 0-0: Called Strike
0-1: Fly out, F4 (Line Drive, 4)
Top of the 7th over - 0 run(s), 0 hit(s), 0 error(s), 0 left on base; Amarillo 4 - Blueville 0
BOTTOM OF THE 7TH
Blueville 83's batting - Pitching for Amarillo Archdukes : RHP José Abacil
Batting: LHB Robbie McLaughlin 0-0: Called Strike
0-1: Ball
1-1: Swinging Strike
1-2: Foul Ball, location: 2F
1-2: Foul Ball, location: 2F
1-2: Ball
2-2: Ball
3-2: Foul Ball, location: 2F
3-2: Foul Ball, location: 2F
3-2: Base on Balls
Batting: SHB Luis Muńóz 0-0: Ball
1-0: Ball
2-0: Ball
3-0: Base on Balls
Robbie McLaughlin to second
Batting: RHB Tim Hanson 0-0: Called Strike
0-1: Foul Ball, location: 2F
0-2: Strikes out swinging
Batting: RHB Bryce Hester 0-0: Called Strike
0-1: Called Strike
0-2: Ball
1-2: Fielders Choice at 2nd, U6 (Groundball, 6M)
Robbie McLaughlin to third
Batting: RHB Gernot Renner 0-0: Swinging Strike
0-1: Foul Ball, location: 2F
0-2: Ball
1-2: Foul Ball, location: 2F
1-2: Fly out, F9 (Flyball, 9S)
Bottom of the 7th over - 0 run(s), 0 hit(s), 0 error(s), 2 left on base; Amarillo 4 - Blueville 0
TOP OF THE 8TH
Amarillo Archdukes batting - Pitching for Blueville 83's : RHP Félix Rivera
Pitching: RHP Didyu Ghosh
Batting: RHB Dave Parker 0-0: Swinging Strike
0-1: Foul Ball, location: 2F
0-2: Ball
1-2: Fly out, F6 (Popup, 6S)
Batting: RHB Jorge Espinosa 0-0: Ball
1-0: Fly out, F6 (Popup, 6D)
Batting: LHB Chris Pryor 0-0: Ball
1-0: Foul Ball, location: 2F
1-1: Called Strike
1-2: Ball
2-2: DOUBLE (Line Drive, 78S)
Batting: RHB Miguel Hernández 0-0: Called Strike
0-1: Ball
1-1: Swinging Strike
1-2: Foul Ball, location: 2F
1-2: Fly out, F8 (Flyball, 8LXD)
Top of the 8th over - 0 run(s), 1 hit(s), 0 error(s), 1 left on base; Amarillo 4 - Blueville 0
BOTTOM OF THE 8TH
Blueville 83's batting - Pitching for Amarillo Archdukes : RHP José Abacil
Pitching: RHP Frederick Kern
Batting: LHB Júlio Velásquez 0-0: Called Strike
0-1: Called Strike
0-2: Ball
1-2: SINGLE (Line Drive, 34)
Batting: RHB José Baca 0-0: Ball
1-0: Fly out, F7 (Flyball, 7D)
Batting: RHB Matt Perkins 0-0: Ball
1-0: Ball
2-0: Ball
3-0: Base on Balls
Júlio Velásquez to second
Pitching: RHP Atsushi Kataoka
Batting: RHB Naomichi Aoki 0-0: Ball
1-0: Foul Ball, location: 2F
1-1: Foul Ball, location: 2F
1-2: Ball
2-2: Ball
3-2: Foul Ball, location: 2F
3-2: Foul Ball, location: 2F
3-2: SINGLE (Groundball, 56)
Júlio Velásquez to third
Matt Perkins to second
Pitching: RHP Dalton Ray
Batting: LHB Robbie McLaughlin 0-0: Foul Ball, location: 2F
0-1: Called Strike
0-2: Ball
1-2: Foul Ball, location: 2F
1-2: Foul Ball, location: 2F
1-2: Ball
2-2: GRAND SLAM HOME RUN (Line Drive, 8LXD), Distance : 450 ft
Batting: SHB Luis Muńóz 0-0: Ball
1-0: Ball
2-0: Called Strike
2-1: Ball
3-1: Base on Balls
Batting: RHB Tim Hanson 0-0: Ball
1-0: Ball
2-0: Fly out, F8 (Flyball, 8RD)
Pinch Hitting: LHB Dave Pitts 0-0: Ball
1-0: Ball
2-0: Called Strike
2-1: SINGLE (Groundball, 6MD)
Luis Muńóz to second
Batting: RHB Gernot Renner 0-0: Ball
1-0: Ball
2-0: Ball
3-0: Called Strike
3-1: Called Strike
3-2: Base on Balls
Luis Muńóz to third
Dave Pitts to second
Batting: LHB Júlio Velásquez 0-0: Ball
1-0: Ball
2-0: Ball
3-0: Base on Balls
Luis Muńóz scores
Dave Pitts to third
Gernot Renner to second
Batting: RHB José Baca 0-0: Ball
1-0: Ball
2-0: Foul Ball, location: 2F
2-1: Foul Ball, location: 2F
2-2: Strikes out swinging
Bottom of the 8th over - 5 run(s), 4 hit(s), 0 error(s), 3 left on base; Amarillo 4 - Blueville 5
TOP OF THE 9TH
Amarillo Archdukes batting - Pitching for Blueville 83's : RHP Didyu Ghosh
Pitching: RHP Ernesto Germán
Now at SS: Kuniaki Kawashima
Batting: RHB Dong-kwan Han 0-0: Ball
1-0: Ball
2-0: Called Strike
2-1: Foul Ball, location: 2F
2-2: SINGLE (Groundball, 4M)
Batting: RHB Ed Terry 0-0: Bunted foul
0-1: Ball
1-1: Ball
2-1: Ball
3-1: Bunt missed!
3-2: SINGLE (Groundball, 6M)
Dong-kwan Han to second
Pinch Hitting: RHB Ron James 0-0: Sac Bunt - play at first, batter OUT! 1-4
Dong-kwan Han to third
Ed Terry to second
Batting: LHB Michael Cook 0-0: Ball
1-0: Ground out 4-3 (Groundball, 4)
Batting: LHB Howard Lambert 0-0: Called Strike
0-1: Fly out, F3 (Line Drive, 3S)
Top of the 9th over - 0 run(s), 2 hit(s), 0 error(s), 2 left on base; Amarillo 4 - Blueville 5
This league is powered by Out of the Park Baseball, the baseball management simulation game for PC, Mac and Linux
Tuesday, August 2nd, 2016 - OOTP Baseball 16.8 Build 38